 Dungeon Crawl Stone Soup version 0.27-a0-1186-g8b4daa1eef (webtiles) character file.

Game seed: 9622427294480586581

251 karkarkar the Covered (level 6, -2/38 HPs)
             Began as a Gargoyle Fighter on May 19, 2021.
             Was an Initiate of Hepliaklqana.
             Slain by a wight
             ... wielding a +0 great sword
              (5 damage)
             ... on level 4 of the Dungeon.
             The game lasted 00:08:20 (3330 turns).

karkarkar the Covered (Gargoyle Fighter)            Turns: 3330, Time: 00:08:21

Health: -2/38      AC: 18    Str: 21    XL:     6   Next: 13%
Magic:  7/7        EV:  4    Int:  9    God:    Hepliaklqana [......]
Gold:   137        SH:  9    Dex:  9    Spells: 7/7 levels left

rFire    . . .     SeeInvis .   a - +0 flail
rCold    . . .     Faith    .   c - +0 kite shield
rNeg     + . .     Spirit   .   f - +0 plate armour
rPois    ∞         Reflect  .   (no helmet)
rElec    +         Harm     .   q - +0 cloak {rCorr}
rCorr    +         Rampage  .   (no gloves)
Will     .....                  n - +0 pair of boots
Stlth    ..........             (no amulet)
HPRegen  0.12/turn              (no ring)
MPRegen  0.10/turn              (no ring)

@: mighty
A: sickness immunity, AC +4, negative energy resistance 1, electricity
resistance, torment resistance 1, petrification resistance
a: Renounce Religion


You were on level 4 of the Dungeon.
You worshipped Hepliaklqana.
Hepliaklqana was noncommittal.
You visited 1 branch of the dungeon, and saw 4 of its levels.

You collected 137 gold pieces.

Inventory:

Hand Weapons
 a - a +0 flail (weapon)
 i - a +0 short sword of electrocution
Missiles
 e - 8 curare-tipped darts (quivered)
Armour
 c - a +0 kite shield (worn)
 f - a +0 plate armour (worn)
 n - a +0 pair of boots (worn)
 q - a +0 cloak of preservation (worn)
Jewellery
 p - a ring of poison resistance
Scrolls
 b - a scroll of immolation {unknown}
 j - 3 scrolls of amnesia {unknown}
 k - 2 scrolls of identify {unknown}
 m - a scroll of magic mapping {unknown}
 o - a scroll of teleportation {unknown}
Potions
 g - 2 potions of curing
 l - a potion of haste {unknown}


   Skills:
 + Level 3.8 Fighting
 * Level 3.8 Maces & Flails
 + Level 4.4 Armour
 + Level 0.4 Dodging
 * Level 1.7 Stealth
 + Level 4.3 Shields
 * Level 1.1 Spellcasting


You had 7 spell levels left.
You didn't know any spells.
Your spell library contained the following spells:

 Spells                   Type           Power      Damage    Failure   Level
 Magic Dart               Conj           0%         1d3       100%        1
 Searing Ray              Conj           0%         3d3       100%        2
 Dazzling Flash           Conj/Hex       0%         N/A       100%        3
 Fulminant Prism          Conj/Hex       0%         3d6       100%        4
 Iskenderun's Mystic Bla  Conj/Tloc      0%         2d3       100%        4


Dungeon Overview and Level Annotations

Branches:
Dungeon (4/15)
 Temple: D:4-7

Altars:
Hepliaklqana

Shops:
D:2 [


Innate Abilities, Weirdness & Mutations

You are immune to sickness and miasma.
Your stone body is resilient. (AC +4)
You are immune to poison.
You resist negative energy. (rN+)
You are resistant to electric shocks. (rElec)
You are resistant to unholy torment.
You are immune to petrification.


Message History

You start resting.
HP restored.
There is an open door, spattered with blood here.
Items here: ( )))) [[[ ÷÷÷.
You see here a ball python corpse.
There is a stone staircase leading up here.
Found a stone staircase leading down.
A wight comes into view. It is wielding a +0 war axe.
A wight is nearby!
A wight comes into view. It is wielding a +0 great sword.
A wight comes into view. It is wielding a +0 morningstar.
A wight comes into view. It is wielding a +1 flail.
The wight hits you but does no damage.
You hit the wight but do no damage. The wight hits you with a +0 war axe.
You hit the wight but do no damage. You block the wight's attack.
Okay, then.
Okay, then.
You feel very mighty all of a sudden. You block the wight's attack.
The wight hits you but does no damage.
You closely miss the wight. The wight hits you but does no damage.
You block the wight's attack. x2
You hit the wight but do no damage.
The wight hits you with a +0 great sword!
You block the wight's attack. x2
You closely miss the wight. You block the wight's attack.
The wight hits you but does no damage.
You closely miss the wight. The wight barely misses you. x2
The wight hits you but does no damage. The wight barely misses you.
The wight hits you with a +0 morningstar!
You sock the wight!
The wight is heavily damaged.
The wight barely misses you. The wight hits you but does no damage.
The wight barely misses you. The wight hits you with a +0 war axe.
The wight hits you with a +0 great sword!
* * * LOW HITPOINT WARNING * * *
Your plate armour prevents you from hitting the wight.
The wight hits you with a +0 morningstar.
* * * LOW HITPOINT WARNING * * *
The wight hits you with a +0 great sword.
You die...

##...##.. '
#....##'### ..
#....##...##... .
#........<'... ..
#.........# ...
#....<....# ....
#..†.##...# .....
##)####...##......
##.÷.##..@zz......
#.....#..zz.......
#..(..#.>.##......
#....##...# ......
#....####### .....
#..........+ .....
#..........# ....
#.>........# ....
##...##...##


You could see 4 wights.

Vanquished Creatures
  A wight (D:4)
  Crazy Yiuf (D:3)
  A bullfrog skeleton (D:4)
  An iguana (D:4)
  6 adders
  A dart slug (D:1)
  3 orcs (D:4)
  5 ball pythons
  6 endoplasms
  3 giant cockroaches
  5 goblins
  5 hobgoblins
  4 jackals (D:3)
  6 quokkas
  5 bats
  6 frilled lizards (D:2)
  5 kobolds
  7 rats
71 creatures vanquished.

Notes
Turn   | Place    | Note
-------+----------+-------------------------------------------
     0 | D:1      | karkarkar the Gargoyle Fighter began the quest for the Orb.
     0 | D:1      | Reached XP level 1. HP: 14/14 MP: 1/1
   247 | D:1      | Reached XP level 2. HP: 17/19 MP: 2/2
  1130 | D:2      | Reached XP level 3. HP: 19/23 MP: 3/3
  1203 | D:2      | Found a faded altar of an unknown god.
  1215 | D:2      | Found Dusov's Antique Armour Boutique.
  1824 | D:3      | Reached XP level 4. HP: 28/28 MP: 4/4
  2029 | D:3      | Found a hazy altar of Hepliaklqana.
  2037 | D:3      | Became a worshipper of Hepliaklqana the Forgotten
  2708 | D:3      | Found a runed translucent door.
  2709 | D:3      | Noticed Crazy Yiuf
  2720 | D:3      | Killed Crazy Yiuf
  2721 | D:3      | Reached skill level 1 in Stealth
  2721 | D:3      | Reached XP level 5. HP: 21/33 MP: 2/5
  3054 | D:4      | Reached skill level 1 in Spellcasting
  3183 | D:4      | Reached XP level 6. HP: 22/38 MP: 7/7
  3330 | D:4      | Slain by a wight

Illustrated notes

Levels and vault maps discovered:
D:1:      dpeg_chamrin_arrival_tetris, layout_loops_ring
D:2:      layout_rooms, serial_shops, shop, chequers_ecumenical_altar_island,
          minmay_split_cup_large
D:3:      layout_loops_ring, lemuel_crystal_altar, minmay_pentomino_pile,
          uniq_crazy_yiuf_cottage
D:4:      layout_gridville, lemuel_tele_altar, gammafunk_temple_overflow_pools

Skill      XL: |  1  2  3  4  5 |
---------------+----------------+-----
Armour         | 4 |  4.4
Maces & Flails | 3 |  3.8
Shields        | 4 |  4.3
Stealth        | 1 |  1.7
Spellcasting   | 1 |  1.1
Fighting       | |  3.8
Dodging        | |  0.4

Action                   |  1- 3 |  4- 6 || total
-------------------------+-------+-------++-------
Melee: Flail             |   132 |   159 ||   291
  Use: Potion            |     2 |     1 ||     3
Armor: Scale mail        |    32 |       ||    32
       Plate armour      |    71 |   103 ||   174
Dodge: Dodged            |    31 |    26 ||    57
Block: Kite shield       |    73 |    89 ||   162

Table legend: (Time is in decaauts)
 A = Elapsed time spent in this place.
 B = Non-inter-level travel time spent in this place.
 C = Inter-level travel time spent in this place.
 D = Time resting spent in this place.
 E = Time spent auto-exploring this place.
 F = Levels seen in this place.
 G = Mean time per level.
                   A        B        C        D        E       F      G
               +--------+--------+--------+--------+--------+-----+--------+
         Total |   3479 |   3379 |    100 |    274 |   2334 |   4 |  869.8 |
       Dungeon |   3479 |   3379 |    100 |    274 |   2334 |   4 |  869.8 |
               +--------+--------+--------+--------+--------+-----+--------+

Top non-repeatable levels by time:
     D:3: 1162 daAuts
     D:1: 1008 daAuts
     D:2: 873 daAuts
     D:4: 434 daAuts
